 Dungeon Crawl Stone Soup version 0.20.1-1-g8b1a95d (webtiles) character file.

814 Gremour the Sneak (level 8, 0/66 HPs)
             Began as a Kobold Venom Mage on Sept 8, 2017.
             Was a Follower of Nemelex Xobeh.
             Killed from afar by an electric eel (12 damage)
             ... with a bolt of electricity
             ... on level 6 of the Dungeon.
             The game lasted 01:18:37 (7662 turns).

Gremour the Sneak (Kobold Venom Mage)               Turns: 7662, Time: 01:18:39

Health: 0/66       AC:  7    Str: 11    XL:     8   Next: 15%
Magic:  12/12      EV: 20    Int: 16    God:    Nemelex Xobeh [*.....]
Gold:   307        SH:  0    Dex: 17    Spells: 9/13 levels left

rFire    . . .     SeeInvis .   a - +4 long sword (holy)
rCold    + + .     Gourm    .   (shield restricted)
rNeg     . . .     Faith    .   h - +2 leather armour {rC+}
rPois    .         Spirit   .   n - +0 helmet
rElec    .         Reflect  .   (no cloak)
rCorr    .         Harm     .   (no gloves)
MR       .....                  t - +0 pair of boots
Stlth    ..........             d - amulet of rage
Regen    0.3/turn               r - ring of protection from cold (curse)
MPRegen  0.2/turn               p - +4 ring of evasion

@: berserking (expiring), lethally poisoned (0 -> -3), very quick
A: blink, carnivore 3, sense surroundings 1
a: Blink, Renounce Religion, Evoke Berserk Rage


You were on level 6 of the Dungeon.
You worshipped Nemelex Xobeh.
Nemelex Xobeh was aware of your devotion.
You were not hungry.

You visited 2 branches of the dungeon, and saw 7 of its levels.

You collected 307 gold pieces.

Inventory:

Hand Weapons
 a - a +4 long sword of holy wrath (weapon)
 b - a +0 short sword
Missiles
 g - 10 tomahawks (quivered)
Armour
 f - a +0 robe of positive energy
 h - a +2 leather armour of cold resistance (worn)
 k - a +0 scale mail of poison resistance
 n - a +0 helmet (worn)
 t - a +0 pair of boots (worn)
 x - a +0 buckler
Jewellery
 d - an amulet of rage (around neck)
 p - a +4 ring of evasion (right hand)
 r - a cursed ring of protection from cold (left hand)
Wands
 i - a wand of disintegration (5/24)
Scrolls
 e - a scroll of amnesia {unknown}
 l - a scroll of blinking {unknown}
 m - 2 scrolls of fog {unknown}
 o - 3 scrolls of remove curse
 s - 3 scrolls of enchant weapon
 w - a scroll of random uselessness {unknown}
 y - a scroll of identify
 z - a scroll of brand weapon {unknown}
 C - a scroll of fear {unknown}
Potions
 j - a potion of ambrosia
 q - 2 potions of brilliance
Books
 A - a Young Poisoner's Handbook

   Spells                             Type                      Level
   a - Sting                          Conjuration/Poison           1
   b - Poisonous Vapours              Poison/Air                   2
   c - Mephitic Cloud                 Conjuration/Poison/Air       3
   d - Olgreb's Toxic Radiance        Poison                       4
   e - Venom Bolt                     Conjuration/Poison           5
 B - a book of Conjurations

   Spells                             Type                      Level
   a - Magic Dart                     Conjuration                  1
   b - Searing Ray                    Conjuration                  2
   c - Dazzling Spray                 Conjuration/Hexes            3
   d - Fulminant Prism                Conjuration/Hexes            4
   e - Force Lance                    Conjuration/Translocation    4
   f - Iskenderun's Mystic Blast      Conjuration                  4
 D - a book of Frost

   Spells                             Type                      Level
   a - Freeze                         Ice                          1
   b - Throw Frost                    Conjuration/Ice              2
   c - Ozocubu's Armour               Charms/Ice                   3
   d - Throw Icicle                   Conjuration/Ice              4
   e - Summon Ice Beast               Ice/Summoning                4
Miscellaneous
 v - an ornate deck of summoning {drawn: 4}
Comestibles
 c - 2 meat rations
 u - 2 royal jellies


   Skills:
 * Level 1.9 Fighting
 - Level 3.6(3.9) Short Blades
 * Level 1.0(1.7) Long Blades
 + Level 2.0 Armour
 * Level 4.1 Dodging
 * Level 5.4 Stealth
 + Level 3.0 Spellcasting
 + Level 2.0 Conjurations
 * Level 2.0 Air Magic
 * Level 4.7 Poison Magic
 + Level 1.4 Evocations


You had 9 spell levels left.
You knew the following spells:

 Your Spells              Type           Power        Failure   Level  Hunger
a - Sting                 Conj/Pois      ##..         6%          1    #......
c - Mephitic Cloud        Conj/Pois/Air  ##......     22%         3    ###....


Dungeon Overview and Level Annotations

Branches:
Dungeon (6/15)             Temple (1/1) D:4

Altars:
Cheibriados
Elyvilon
Fedhas
Gozag
Hepliaklqana
Kikubaaqudgha
Makhleb
Nemelex Xobeh
Okawaru
Qazlal
Ru
Sif Muna
Trog
Uskayaw
Vehumet
Yredelemnul
Zin
The Shining One

Shops:
D:5 %


Innate Abilities, Weirdness & Mutations

You are small and have problems with some larger weapons.
You are carnivorous and can eat meat at any time.
You can translocate small distances at will.
You passively map a small area around you.


Message History

Your centaur barely misses the killer bee. x2
Your centaur completely misses the killer bee.
The killer bee completely misses you.
You miss the killer bee.
The killer bee is moderately wounded.
The killer bee stings you.
* * * LOW HITPOINT WARNING * * *
Your centaur completely misses the killer bee.
Your centaur misses the killer bee. The killer bee stings you.
* * * LOW HITPOINT WARNING * * *
You are poisoned.
The killer bee poisons you!
You feel sick. The killer bee closely misses you.
You riposte.
You closely miss the killer bee.
The killer bee is heavily wounded.
Your centaur closely misses the killer bee.
The electric eel shoots out a bolt of lightning at you!
The bolt of electricity hits you!
You die...
Your body glows slightly and disappears.

#...≈≈≈≈≈...≈≈≈≈≈.## #..
#...#≈≈≈≈≈.[≈≈≈≈≈#.########.#
.####...##≈≈≈≈≈≈≈≈≈w...#.....##.#
.(.........≈≈≈≈≈≈≈....##.....##.#
............≈#[≈;...............)
#...........#.....#...##.....##.#
#####...######...............##.#
#...# ##..y..##.#####.##.. #...#
#.@##c##.#####.#### #...#
#.c[yc.....†##... .
#####.########.###.##.##.##.####
#....†.............##.##).......
##........#####.######..)).)..###
..........#####.# ##.#..##.#
##...........##.#######.#..##.#
##........##.##......##.#..##.#
..........##.##.####.##.#####.#


You could see 2 killer bees, an electric eel, a dart slug and 2 friendly
centaurs.

Vanquished Creatures
  A sky beast (D:6)
  2 scorpions
  2 crimson imps (D:5)
  A bullfrog zombie (D:5)
  4 orc priests
  Natasha (D:4)
  A worker ant (D:4)
  A killer bee zombie (D:5)
  A hound skeleton (D:4)
  A worker ant zombie (D:5)
  8 gnolls
  8 adders
  A worm (D:3)
  7 dart slugs
  2 leopard geckos
  14 orcs
  3 giant cockroaches (D:3)
  8 goblins
  3 hobgoblins
  16 jackals
  3 quokkas
  A ball python (D:4)
  8 bats
  6 frilled lizards
  2 kobolds (D:3)
  12 rats
117 creatures vanquished.

Vanquished Creatures (collateral kills)
  A crimson imp (D:6)
  A gnoll shaman (D:6)
  A dart slug (D:6)
3 creatures vanquished.

Vanquished Creatures (others)
  An orc wizard (D:4)
1 creature vanquished.

Grand Total: 121 creatures vanquished

Notes
Turn   | Place    | Note
-------+----------+-------------------------------------------
     0 | D:1      | Gremour the Kobold Venom Mage began the quest for the Orb.
     0 | D:1      | Reached XP level 1. HP: 10/10 MP: 3/3
   689 | D:1      | Reached skill level 3 in Stealth
   689 | D:1      | Reached XP level 2. HP: 15/15 MP: 3/5
  1420 | D:2      | Reached XP level 3. HP: 20/20 MP: 6/6
  2175 | D:3      | Reached skill level 1 in Fighting
  2175 | D:3      | Reached XP level 4. HP: 11/25 MP: 4/7
  2522 | D:3      | Reached skill level 1 in Short Blades
  2685 | D:3      | Reached XP level 5. HP: 2/29 MP: 6/8
  2968 | D:3      | Reached skill level 1 in Armour
  3254 | D:3      | Reached skill level 4 in Stealth
  3359 | D:3      | HP: 1/43 [orc priest/nerve-wracking pain (11)]
  3731 | D:3      | Reached XP level 6. HP: 27/34 MP: 0/9
  4476 | D:2      | Learned a level 3 spell: Mephitic Cloud
  4590 | D:3      | Found a glowing golden altar of the Shining One.
  4928 | D:4      | Noticed Natasha
  5471 | D:4      | Found a staircase to the Ecumenical Temple.
  5480 | Temple   | Entered the Ecumenical Temple
  5619 | Temple   | Became a worshipper of Nemelex Xobeh the Trickster
  5871 | D:4      | Killed Natasha
  5871 | D:4      | Reached skill level 1 in Air Magic
  5871 | D:4      | Reached XP level 7. HP: 32/39 MP: 6/11
  5927 | D:5      | Entered Level 5 of the Dungeon
  5927 | D:5      | Received a gift from Nemelex Xobeh
  6481 | D:5      | Found Syshruosegg's Food Shoppe.
  7127 | D:6      | Reached skill level 5 in Stealth
  7127 | D:6      | Reached skill level 1 in Evocations
  7154 | D:6      | Reached XP level 8. HP: 30/44 MP: 9/12
  7166 | D:6      | Reached * piety under Nemelex Xobeh
  7194 | D:6      | Gained mutation: You passively map a small area around you. [mutagenic meat]
  7217 | D:6      | Gained mutation: You can translocate small distances at will. [mutagenic meat]
  7485 | D:6      | Reached skill level 1 in Long Blades
  7662 | D:6      | Killed from afar by an electric eel

Skill      XL: |  1  2  3  4  5  6  7  8 |
---------------+-------------------------+-----
Stealth        | 3 4 5 |  5.4
Fighting       | 1 |  1.9
Short Blades   | 1 2 3 |  3.6
Armour         | 1 2 |  2.0
Dodging        | 3 4 |  4.1
Poison Magic   | 4 |  4.7
Air Magic      | 1 2 |  2.0
Conjurations   | 2 |  2.0
Spellcasting   | 3 |  3.0
Evocations     | 1 |  1.4
Long Blades    | 1 |  1.0

Action                   |  1- 3 |  4- 6 |  7- 9 || total
-------------------------+-------+-------+-------++-------
Melee: Dagger            |    44 |       |       ||    44
       Unarmed           |     3 |       |       ||     3
       Short sword       |    28 |   125 |    46 ||   199
       Long sword        |       |       |    44 ||    44
Throw: Tomahawk          |       |     1 |       ||     1
 Cast: Sting             |    37 |   105 |    15 ||   157
       Mephitic Cloud    |       |     5 |     4 ||     9
 Abil: Evoke Berserk Rag |     1 |     5 |     5 ||    11
Evoke: Deck              |       |       |     4 ||     4
  Use: Potion            |     1 |     7 |     1 ||     9
       Scroll            |       |     7 |     3 ||    10
 Stab: Sleeping          |     6 |     6 |     2 ||    14
       Confused          |       |     1 |     1 ||     2
  Eat: Chunk             |     9 |    16 |     7 ||    32
       Meat ration       |       |       |     1 ||     1
Armor: Leather armour    |    27 |    71 |    18 ||   116
       Robe              |     1 |       |       ||     1
Dodge: Dodged            |    62 |   170 |   137 ||   369
       Rpst.: Long sword |       |       |    25 ||    25
